| TOP OF THE 1ST |
|
Brockton Rox batting - Pitching for Hamilton Cardinals : RHP Ryan Zart
|
|
Pitching: RHP Ryan Zart
|
|
|
Batting: RHB Bob Reichley
|
0-0: Ball 1-0: Ground out 4-3 (Groundball, 4MS, EV 77.5 MPH)
|
|
Batting: LHB Kenny Jackson
|
0-0: Ball 1-0: Foul Ball, location: 2F 1-1: Called Strike 1-2: Ball 2-2: Foul Ball, location: 2F 2-2: Foul Ball, location: 2F 2-2: Strikes out swinging
|
|
Batting: RHB Matt Walker
|
0-0: Ground out 6-3 (Groundball, 4MS, EV 91.9 MPH)
|
| Top of the 1st over - 0 runs, 0 hits, 0 errors, 0 left on base; Brockton 0 - Hamilton 0 |
| BOTTOM OF THE 1ST |
|
Hamilton Cardinals batting - Pitching for Brockton Rox : RHP Johnny Lucero
|
|
Pitching: RHP Johnny Lucero
|
|
|
Batting: SHB Kelly Brooks
|
0-0: Ball 1-0: SOLO HOME RUN (Flyball, 8RXD, EV 115.6 MPH), Distance : 459 ft
|
|
Batting: LHB Rafael Banda
|
0-0: Called Strike 0-1: DOUBLE (Flyball, 78D, EV 86.9 MPH)
|
|
Batting: RHB Edgar Klockow
|
0-0: Called Strike 0-1: Fly out, F9 (Flyball, 9LM, EV 85.6 MPH)
|
|
Batting: RHB Kyle Franken
|
0-0: Swinging Strike 0-1: Foul Ball, location: 2F 0-2: Ball 1-2: Strikes out swinging, 2-3 out at first.
|
|
Batting: LHB Pete Mitchell
|
0-0: Ball 1-0: Called Strike 1-1: Foul Ball, location: 2F 1-2: Foul Ball, location: 2F 1-2: Ground out 6-3 (Groundball, 6S, EV 76.2 MPH)
|
| Bottom of the 1st over - 1 run, 2 hits, 0 errors, 1 left on base; Brockton 0 - Hamilton 1 |
| TOP OF THE 2ND |
|
Brockton Rox batting - Pitching for Hamilton Cardinals : RHP Ryan Zart
|
|
Batting: LHB Eric Gaugler
|
0-0: Swinging Strike 0-1: Foul Ball, location: 2F 0-2: Foul Ball, location: 2F 0-2: Ball 1-2: Foul Ball, location: 2F 1-2: Ball 2-2: Foul Ball, location: 2F 2-2: Foul Ball, location: 2F 2-2: Strikes out swinging
|
|
Batting: RHB Ryan Davis
|
0-0: Ball 1-0: Fly out, F7 (Flyball, 7D, EV 105.6 MPH)
|
|
Batting: RHB Jose Blocker
|
0-0: SINGLE (Groundball, 34D, EV 100.6 MPH)
|
|
Batting: RHB Wayne Whimster
|
0-0: Swinging Strike 0-1: Called Strike 0-2: Ball Wild Pitch! Jose Blocker to second 1-2: Foul Ball, location: 2F 1-2: Strikes out swinging
|
| Top of the 2nd over - 0 runs, 1 hit, 0 errors, 1 left on base; Brockton 0 - Hamilton 1 |
| BOTTOM OF THE 2ND |
|
Hamilton Cardinals batting - Pitching for Brockton Rox : RHP Johnny Lucero
|
|
Batting: LHB Doug Nebel
|
0-0: Fly out, F8 (Flyball, 8RM, EV 95.0 MPH)
|
|
Batting: RHB Oscar Higareda
|
0-0: Called Strike 0-1: Ground out U3 (Groundball, 3, EV 89.4 MPH)
|
|
Batting: SHB Brad Meyer
|
0-0: Called Strike 0-1: Called Strike 0-2: Strikes out swinging
|
| Bottom of the 2nd over - 0 runs, 0 hits, 0 errors, 0 left on base; Brockton 0 - Hamilton 1 |
| TOP OF THE 3RD |
|
Brockton Rox batting - Pitching for Hamilton Cardinals : RHP Ryan Zart
|
|
Batting: LHB Alexis Toxqui
|
0-0: Ground out 4-3 (Groundball, 4, EV 99.4 MPH)
|
|
Batting: LHB Darby Starburster
|
0-0: Ball 1-0: Called Strike 1-1: Called Strike 1-2: Strikes out swinging
|
|
Batting: RHB Bob Reichley
|
0-0: Ball 1-0: Ball 2-0: Fly out, F5 (Line Drive, 5, EV 71.9 MPH)
|
| Top of the 3rd over - 0 runs, 0 hits, 0 errors, 0 left on base; Brockton 0 - Hamilton 1 |
| BOTTOM OF THE 3RD |
|
Hamilton Cardinals batting - Pitching for Brockton Rox : RHP Johnny Lucero
|
|
Batting: SHB Felipe Campanella
|
0-0: Ball 1-0: Fly out, F8 (Flyball, 8LD, EV 95.6 MPH)
|
|
Batting: SHB Kelly Brooks
|
0-0: Foul Ball, location: 2F 0-1: Hit by Pitch
|
|
Batting: LHB Rafael Banda
|
0-0: Foul Ball, location: 2F 0-1: Foul Ball, location: 2F 0-2: Fly out, F4 (Line Drive, 4D, EV 68.8 MPH)
|
|
Batting: RHB Edgar Klockow
|
0-0: Called Strike 0-1: Ball 1-1: Ball 2-1: DOUBLE (Line Drive, 5D, EV 97.5 MPH) Kelly Brooks to third Runner from 3rd tries for Home, SAFE, throw by LF to trailing runner, SAFE at third!
|
|
Batting: RHB Kyle Franken
|
0-0: Called Strike 0-1: Ball 1-1: Foul Ball, location: 2F 1-2: Ball 2-2: Ball 3-2: Base on Balls
|
|
Batting: LHB Pete Mitchell
|
0-0: Ball 1-0: Ball 2-0: Called Strike 2-1: Swinging Strike 2-2: Ball 3-2: Base on Balls Kyle Franken to second
|
|
Batting: LHB Doug Nebel
|
0-0: Ground out U3 (Groundball, 3L, EV 106.2 MPH)
|
| Bottom of the 3rd over - 1 run, 1 hit, 0 errors, 3 left on base; Brockton 0 - Hamilton 2 |
| TOP OF THE 4TH |
|
Brockton Rox batting - Pitching for Hamilton Cardinals : RHP Ryan Zart
|
|
Batting: LHB Kenny Jackson
|
0-0: Foul Ball, location: 2F 0-1: Foul Ball, location: 2F 0-2: Strikes out looking
|
|
Batting: RHB Matt Walker
|
0-0: Ball 1-0: Ball 2-0: Called Strike 2-1: Ball 3-1: Fly out, F7 (Flyball, 78S, EV 86.2 MPH)
|
|
Batting: LHB Eric Gaugler
|
0-0: Foul Ball, location: 2F 0-1: Ball 1-1: Ball 2-1: Called Strike 2-2: SINGLE (Groundball, 34S, EV 68.1 MPH) (infield hit)
|
|
Batting: RHB Ryan Davis
|
0-0: Ball Eric Gaugler steals 2nd base 1-0: Ball 2-0: Fly out, F9 (Flyball, 89D, EV 86.9 MPH)
|
| Top of the 4th over - 0 runs, 1 hit, 0 errors, 1 left on base; Brockton 0 - Hamilton 2 |
| BOTTOM OF THE 4TH |
|
Hamilton Cardinals batting - Pitching for Brockton Rox : RHP Johnny Lucero
|
|
Batting: RHB Oscar Higareda
|
0-0: Swinging Strike 0-1: Called Strike 0-2: Foul Ball, location: 2F 0-2: Foul Ball, location: 2F 0-2: SINGLE (Groundball, 56D, EV 97.5 MPH)
|
|
Batting: SHB Brad Meyer
|
0-0: Ball 1-0: Ball 2-0: Fly out, F7 (Flyball, 7D, EV 88.8 MPH)
|
|
Batting: SHB Felipe Campanella
|
0-0: Called Strike 0-1: Called Strike 0-2: Foul Ball, location: 2F 0-2: Ball 1-2: Strikes out swinging
|
|
Batting: SHB Kelly Brooks
|
0-0: Ground out 4-3 (Groundball, 34D, EV 102.5 MPH)
|
| Bottom of the 4th over - 0 runs, 1 hit, 0 errors, 1 left on base; Brockton 0 - Hamilton 2 |
| TOP OF THE 5TH |
|
Brockton Rox batting - Pitching for Hamilton Cardinals : RHP Ryan Zart
|
|
Batting: RHB Jose Blocker
|
0-0: Called Strike 0-1: Swinging Strike 0-2: Foul Ball, location: 2F 0-2: Foul Ball, location: 2F 0-2: Ball 1-2: Ball 2-2: Strikes out looking
|
|
Batting: RHB Wayne Whimster
|
0-0: Called Strike 0-1: Ball 1-1: Swinging Strike 1-2: Strikes out swinging
|
|
Batting: LHB Alexis Toxqui
|
0-0: Ground out 4-3 (Groundball, 4S, EV 85.6 MPH)
|
| Top of the 5th over - 0 runs, 0 hits, 0 errors, 0 left on base; Brockton 0 - Hamilton 2 |
| BOTTOM OF THE 5TH |
|
Hamilton Cardinals batting - Pitching for Brockton Rox : RHP Johnny Lucero
|
|
Batting: LHB Rafael Banda
|
0-0: Ball 1-0: Called Strike 1-1: Ground out 4-3 (Groundball, 4, EV 90.6 MPH)
|
|
Batting: RHB Edgar Klockow
|
0-0: TRIPLE (Flyball, 8RXD, EV 113.1 MPH)
|
|
Batting: RHB Kyle Franken
|
0-0: Ball 1-0: Called Strike 1-1: Ball 2-1: Foul Ball, location: 2F 2-2: Strikes out swinging
|
|
Batting: LHB Pete Mitchell
|
0-0: Ball 1-0: Ball 2-0: Called Strike 2-1: Ball 3-1: Fly out, F9 (Flyball, 9D, EV 90.6 MPH)
|
| Bottom of the 5th over - 0 runs, 1 hit, 0 errors, 1 left on base; Brockton 0 - Hamilton 2 |
| TOP OF THE 6TH |
|
Brockton Rox batting - Pitching for Hamilton Cardinals : RHP Ryan Zart
|
|
Batting: LHB Darby Starburster
|
0-0: Ball 1-0: Ball 2-0: Ground out 1-3 (Groundball, 13S, EV 64.4 MPH)
|
|
Batting: RHB Bob Reichley
|
0-0: Ground out U3 (Groundball, 13, EV 79.4 MPH)
|
|
Batting: LHB Kenny Jackson
|
0-0: Called Strike 0-1: Foul Ball, location: 2F 0-2: Foul Ball, location: 2F 0-2: Foul Ball, location: 2F 0-2: Ball 1-2: Ball 2-2: Ball 3-2: Foul Ball, location: 2F 3-2: Strikes out looking
|
| Top of the 6th over - 0 runs, 0 hits, 0 errors, 0 left on base; Brockton 0 - Hamilton 2 |
| BOTTOM OF THE 6TH |
|
Hamilton Cardinals batting - Pitching for Brockton Rox : RHP Johnny Lucero
|
|
Batting: LHB Doug Nebel
|
0-0: Called Strike 0-1: Ball 1-1: Ball 2-1: Foul Ball, location: 2F 2-2: Foul Ball, location: 2F 2-2: Ball 3-2: Foul Ball, location: 2F 3-2: Strikes out swinging
|
|
Pitching: LHP Luis Izquierdo
|
|
|
Batting: RHB Oscar Higareda
|
0-0: Called Strike 0-1: Ground out 3-1 (Groundball, 34, EV 102.5 MPH)
|
|
Batting: SHB Brad Meyer
|
0-0: Foul Ball, location: 2F 0-1: Ball 1-1: Called Strike 1-2: Ball 2-2: Foul Ball, location: 2F 2-2: SINGLE (Line Drive, 4MD, EV 103.8 MPH)
|
|
Batting: SHB Felipe Campanella
|
0-0: Ball 1-0: Ball 2-0: Ball 3-0: Base on Balls Brad Meyer to second
|
|
Batting: SHB Kelly Brooks
|
0-0: Fielders Choice at 2nd, 6-4 (Groundball, 6, EV 80.0 MPH)
|
| Bottom of the 6th over - 0 runs, 1 hit, 0 errors, 2 left on base; Brockton 0 - Hamilton 2 |
| TOP OF THE 7TH |
|
Brockton Rox batting - Pitching for Hamilton Cardinals : RHP Ryan Zart
|
|
Batting: RHB Matt Walker
|
0-0: Ball 1-0: Called Strike 1-1: Ball 2-1: Ground out 6-3 (Groundball, 6M, EV 88.1 MPH)
|
|
Batting: LHB Eric Gaugler
|
0-0: Ball 1-0: Foul Ball, location: 2F 1-1: Ground out 4-3 (Groundball, 4, EV 85.0 MPH)
|
|
Batting: RHB Ryan Davis
|
0-0: Called Strike 0-1: Ground out 5-3 (Groundball, 56, EV 106.2 MPH)
|
| Top of the 7th over - 0 runs, 0 hits, 0 errors, 0 left on base; Brockton 0 - Hamilton 2 |
| BOTTOM OF THE 7TH |
|
Hamilton Cardinals batting - Pitching for Brockton Rox : LHP Luis Izquierdo
|
|
Batting: LHB Rafael Banda
|
0-0: Ball 1-0: Reached on error, E3 (Groundball, 3L, EV 110.6 MPH)
|
|
Batting: RHB Edgar Klockow
|
0-0: Called Strike 0-1: Foul Ball, location: 2F 0-2: Foul Ball, location: 2F 0-2: Ball 1-2: Fly out, F8 (Line Drive, 8LD, EV 91.9 MPH)
|
|
Batting: RHB Kyle Franken
|
0-0: Ball 1-0: Swinging Strike 1-1: Called Strike 1-2: Foul Ball, location: 2F 1-2: Ball 2-2: Foul Ball, location: 2F 2-2: Ball 3-2: Strikes out looking
|
|
Batting: LHB Pete Mitchell
|
0-0: Ball 1-0: Called Strike 1-1: Called Strike 1-2: Foul Ball, location: 2F 1-2: Fly out, F7 (Flyball, 7LD, EV 93.1 MPH)
|
| Bottom of the 7th over - 0 runs, 0 hits, 1 error, 1 left on base; Brockton 0 - Hamilton 2 |
| TOP OF THE 8TH |
|
Brockton Rox batting - Pitching for Hamilton Cardinals : RHP Ryan Zart
|
|
Pinch Hitting: SHB Jose Santiago
|
0-0: Swinging Strike 0-1: Ball 1-1: Swinging Strike 1-2: Ball 2-2: Strikes out swinging
|
|
Batting: RHB Wayne Whimster
|
0-0: Ball 1-0: Called Strike 1-1: Foul Ball, location: 2F 1-2: Ball 2-2: Foul Ball, location: 2F 2-2: Strikes out swinging
|
|
Pinch Hitting: RHB Joe Lewis
|
0-0: Swinging Strike 0-1: Foul Ball, location: 2F 0-2: Reached on error, E6 (Groundball, 6, EV 83.1 MPH)
|
|
Pinch Hitting: RHB Eric McClelland
|
0-0: Called Strike 0-1: Ball 1-1: Foul Ball, location: 2F 1-2: Ball 2-2: Ground out 5-3 (Groundball, 5S, EV 70.6 MPH)
|
| Top of the 8th over - 0 runs, 0 hits, 1 error, 1 left on base; Brockton 0 - Hamilton 2 |
| BOTTOM OF THE 8TH |
|
Hamilton Cardinals batting - Pitching for Brockton Rox : LHP Luis Izquierdo
|
|
Pitching: RHP Wu-sheng Zi
|
|
|
Now at 1B: Eric McClelland
|
|
|
Now at 2B: Joe Lewis
|
|
|
Now at SS: Kenny Jackson
|
|
|
Now in RF: Isaiah Spitzbarth
|
|
|
Batting: LHB Doug Nebel
|
0-0: Ball 1-0: Ball 2-0: Called Strike 2-1: Ball 3-1: Base on Balls
|
|
Batting: RHB Oscar Higareda
|
0-0: Called Strike 0-1: Bunted foul 0-2: Ball 1-2: Ball 2-2: Foul Ball, location: 2F 2-2: Foul Ball, location: 2F 2-2: Foul Ball, location: 2F 2-2: Grounds into double play, 6-4-3 (Groundball, 6, EV 91.9 MPH)
|
|
Batting: SHB Brad Meyer
|
0-0: Foul Ball, location: 2F 0-1: Fly out, F8 (Flyball, 8LXD, EV 91.2 MPH)
|
| Bottom of the 8th over - 0 runs, 0 hits, 0 errors, 0 left on base; Brockton 0 - Hamilton 2 |
| TOP OF THE 9TH |
|
Brockton Rox batting - Pitching for Hamilton Cardinals : RHP Ryan Zart
|
|
Pitching: LHP Craig Soole
|
|
|
Batting: RHB Bob Reichley
|
0-0: Ball 1-0: Foul Ball, location: 2F 1-1: Ball 2-1: Ball 3-1: Reached on error, E5 (Groundball, 56, EV 88.1 MPH)
|
|
Pinch Hitting: RHB Panam Palmer
|
0-0: Ball 1-0: Ball 2-0: Foul Ball, location: 2F 2-1: Called Strike 2-2: Strikes out looking
|
|
Batting: RHB Matt Walker
|
0-0: Called Strike 0-1: Ball 1-1: Ball 2-1: Swinging Strike 2-2: 2-RUN HOME RUN (Flyball, 7LD, EV 98.1 MPH), Distance : 389 ft
|
|
Batting: LHB Eric Gaugler
|
0-0: Ball 1-0: Foul Ball, location: 2F 1-1: Foul Ball, location: 2F 1-2: Ball 2-2: Ball 3-2: Foul Ball, location: 2F 3-2: SOLO HOME RUN (Flyball, 9D, EV 101.2 MPH), Distance : 408 ft
|
|
Batting: RHB Ryan Davis
|
0-0: Called Strike 0-1: Fly out, F8 (Line Drive, 8RM, EV 94.4 MPH)
|
|
Batting: LHB Isaiah Spitzbarth
|
0-0: Ball 1-0: Ball 2-0: Called Strike 2-1: Foul Ball, location: 2F 2-2: Foul Ball, location: 2F 2-2: Strikes out swinging
|
| Top of the 9th over - 3 runs, 2 hits, 1 error, 0 left on base; Brockton 3 - Hamilton 2 |
| BOTTOM OF THE 9TH |
|
Hamilton Cardinals batting - Pitching for Brockton Rox : RHP Wu-sheng Zi
|
|
Now at SS: Bob Reichley
|
|
|
Now in LF: Panam Palmer
|
|
|
Pinch Hitting: RHB Sal Guzman
|
0-0: Foul Ball, location: 2F 0-1: Foul Ball, location: 2F 0-2: Ground out U3 (Groundball, 3, EV 81.9 MPH)
|
|
Batting: SHB Kelly Brooks
|
0-0: Called Strike 0-1: SINGLE (Groundball, 6M, EV 101.9 MPH) (infield hit)
|
|
Batting: LHB Rafael Banda
|
0-0: Swinging Strike 0-1: Ball 1-1: Ball Passed Ball! Kelly Brooks to second 2-1: Swinging Strike 2-2: Fly out, F5 (Popup, 56, EV 66.2 MPH)
|
|
Batting: RHB Edgar Klockow
|
0-0: Ball 1-0: Ball 2-0: Called Strike 2-1: Fly out, F1 (Line Drive, P, EV 74.4 MPH)
|
| Bottom of the 9th over - 0 runs, 1 hit, 0 errors, 1 left on base; Brockton 3 - Hamilton 2 |
|